 Dungeon Crawl Stone Soup version 0.29.0-11-gd7f09526c8 (webtiles) character file.

Game seed: 1892463613253958598

1532 Dodskeso the Cleaver (level 8, -1/71 HPs)
             Began as a Minotaur Fighter on Sept 5, 2022.
             Slain by an orc warrior
             ... wielding a +0 flail
              (15 damage)
             ... on level 6 of the Dungeon.
             The game lasted 00:30:43 (7189 turns).

Dodskeso the Cleaver (Minotaur Fighter)             Turns: 7189, Time: 00:30:44

Health: -1/71      AC: 10    Str: 24    XL:     8   Next: 55%
Magic:  7/7        EV:  8    Int:  5    God:
Gold:   264        SH:  5    Dex: 15    Spells: 7/7 levels left

rFire   . . .      SeeInvis .   a - +0 war axe
rCold   . . .      Faith    .   c - +0 buckler
rNeg    . . .      Spirit   .   o - +0 chain mail
rPois   .          Reflect  .   (helmet restricted)
rElec   .          Harm     .   (no cloak)
rCorr   .          Rampage  .   (no gloves)
Will    .....                   (no boots)
Stlth   ..........              (no amulet)
HPRegen 0.21/turn               i - +6 ring of dexterity
MPRegen 0.10/turn               (no ring)

@: about to teleport
A: horns 2, retaliatory headbutt
a: no special abilities


You were on level 6 of the Dungeon.
You visited 1 branch of the dungeon, and saw 6 of its levels.
You also visited: Sewer.

You collected 306 gold pieces.
You spent 42 gold pieces at shops.

Inventory:

Hand Weapons
 a - a +0 war axe (weapon)
Missiles
 v - a curare-tipped dart (quivered)
Armour
 b - a +0 scale mail
 c - a +0 buckler (worn)
 o - a +0 chain mail (worn)
Jewellery
 i - a +6 ring of dexterity (left hand)
Wands
 m - a wand of roots (7)
 w - a wand of charming (17)
 y - a wand of flame (18)
Scrolls
 e - 2 scrolls of noise {unknown}
 f - 6 scrolls of teleportation
 g - 3 scrolls of enchant weapon {unknown}
 k - 2 scrolls of amnesia {unknown}
 l - a scroll of fear {unknown}
 r - 5 scrolls of identify
 x - a scroll of poison {unknown}
Potions
 d - 2 potions of curing
 h - a potion of berserk rage {unknown}
 j - 5 potions of brilliance
 n - 3 potions of mutation
 p - 2 potions of might
 q - a potion of invisibility
 s - 2 potions of haste {unknown}
 t - a potion of cancellation {unknown}
 u - 3 potions of resistance {unknown}
 z - a potion of ambrosia {unknown}


   Skills:
 + Level 6.3 Fighting
 + Level 8.9 Axes
 + Level 7.5 Armour
 + Level 1.7 Dodging
 + Level 0.9 Stealth
 + Level 5.1 Shields
 + Level 0.1 Evocations


You had 7 spell levels left.
You didn't know any spells.
Your spell library was empty.

Dungeon Overview and Level Annotations

Branches:
Dungeon (6/15)             Temple (0/1) D:5           Sewer (visited)

Altars:
Cheibriados
Nemelex Xobeh
Okawaru
Trog

Shops:
D:2 *


Innate Abilities, Weirdness & Mutations

You have a pair of horns on your head.
You reflexively headbutt those who attack you in melee.


Message History

You closely miss the orc warrior.
The orc warrior is severely wounded.
You hit the orc.
You kill the orc!
You hit the orc wizard but do no damage.
You completely miss the orc wizard. You block the orc wizard's attack.
The orc priest casts a cantrip, but nothing happens.
The orc wizard hits you but does no damage.
The orc warrior hits you with a +0 flail. x2
You block the orc wizard's attack.
You are too injured to fight recklessly!
Unknown command.
Unknown command.
You hit the orc warrior.
The orc warrior is moderately wounded.
You hit the orc warrior but do no damage.
You slash the orc wizard!
The orc wizard points at you and mumbles some strange words.
The puff of flame hits you but does no damage.
The orc warrior hits you with a +0 flail!
* * * LOW HITPOINT WARNING * * *
The orc warrior hits you with a +0 war axe!
* * * LOW HITPOINT WARNING * * *
As you read the scroll of teleportation, it crumbles to dust.
You feel strangely unstable.
The orc wizard hits you but does no damage.
The orc warrior hits you with a +0 flail.
* * * LOW HITPOINT WARNING * * *
The orc warrior hits you but does no damage.
You feel better.
The orc wizard hits you with a +0 dagger.
* * * LOW HITPOINT WARNING * * *
You block the orc warrior's attack.
The orc warrior hits you with a +0 war axe!
* * * LOW HITPOINT WARNING * * *
You feel better.
The orc wizard gestures at you while chanting.
You resist with some effort.
The orc warrior hits you with a +0 flail!
You die...

###.#. ##. ##
###.......# #.# ## ..#
....#.....####.##.##..#
.......#..........##..#
.................##...#
........o.........[...#
......o...............#
......o#..#...........#
.....oo@o....#......[.##
..##.o##)....#......†...
.... ##...........))..
.... .......#.........
... ....###...........
.. ......##............
# ..............######
....#..........
..###...#.#


You could see 2 orc warriors, 2 orc priests, 2 orc wizards and an orc.

Vanquished Creatures
  Sigmund (D:3)
  Menkaure (D:5)
  An ogre (D:5)
  A phantom (D:4)
  Blork the orc (D:5)
  3 kobold brigands (Sewer)
  A necrophage (D:6)
  A howler monkey (D:4)
  2 hounds
  2 jellies (D:5)
  An orc priest (D:5)
  Jessica (D:3)
  3 iguanas
  Ijyb (D:3)
  Natasha (thrice) (D:2)
  An orc wizard (D:5)
  Terence (D:2)
  4 gnolls
  9 adders
  4 river rats
  2 ufetubi
  2 worms (D:2)
  2 dart slugs
  20 orcs
  6 endoplasms
  3 giant cockroaches
  3 goblins
  7 hobgoblins
  11 jackals
  2 quokkas (D:1)
  11 ball pythons
  4 bats
  2 frilled lizards
  19 kobolds
  22 rats
158 creatures vanquished.

Vanquished Creatures (others)
  4 plants (D:1)
4 creatures vanquished.

Grand Total: 162 creatures vanquished

Notes
Turn   | Place    | Note
-------+----------+-------------------------------------------
     0 | D:1      | Dodskeso the Minotaur Fighter began the quest for the Orb.
     0 | D:1      | Reached XP level 1. HP: 19/19 MP: 0/0
   102 | D:1      | Reached XP level 2. HP: 19/27 MP: 1/1
   749 | D:2      | Reached skill level 3 in Axes
   759 | D:2      | Noticed Natasha
   774 | D:2      | Killed Natasha
   775 | D:2      | Reached XP level 3. HP: 5/33 MP: 2/2
  1252 | D:2      | Noticed Natasha
  1259 | D:2      | Killed Natasha
  1260 | D:2      | Reached skill level 4 in Axes
  1260 | D:2      | Reached XP level 4. HP: 15/40 MP: 3/3
  1527 | D:2      | Noticed Natasha
  1539 | D:2      | Killed Natasha
  1618 | D:2      | Found Rifrapi's General Store.
  1649 | D:2      | Bought a potion of curing for 42 gold pieces
  1720 | D:2      | Noticed Terence
  1921 | D:2      | Killed Terence
  1922 | D:2      | Reached XP level 5. HP: 41/47 MP: 4/4
  1995 | D:2      | Found a faded altar of an unknown god.
  2164 | D:3      | Noticed Sigmund
  2174 | D:3      | Killed Sigmund
  2175 | D:3      | Reached skill level 5 in Axes
  2175 | D:3      | Reached skill level 5 in Armour
  2175 | D:3      | Reached XP level 6. HP: 32/53 MP: 5/5
  2195 | D:3      | Noticed Jessica
  2201 | D:3      | Killed Jessica
  2202 | D:3      | Reached skill level 1 in Dodging
  2461 | D:3      | Found a glowing drain.
  2526 | Sewer    | Entered a sewer
  2934 | Sewer    | Reached skill level 6 in Axes
  2980 | Sewer    | Reached XP level 7. HP: 57/60 MP: 6/6
  3011 | Sewer    | Reached skill level 5 in Fighting
  3790 | D:3      | Noticed Ijyb
  3798 | D:3      | Killed Ijyb
  4688 | D:4      | Reached skill level 7 in Axes
  4704 | D:4      | Found a snail-covered altar of Cheibriados.
  4721 | D:4      | Reached skill level 5 in Shields
  5136 | D:4      | Found a sparkling altar of Nemelex Xobeh.
  5168 | D:5      | Entered Level 5 of the Dungeon
  5277 | D:5      | Noticed Menkaure
  5292 | D:5      | Killed Menkaure
  5293 | D:5      | Reached XP level 8. HP: 26/70 MP: 7/7
  5797 | D:5      | Found a staircase to the Ecumenical Temple.
  6069 | D:5      | Noticed Blork the orc
  6077 | D:5      | Killed Blork the orc
  6078 | D:5      | Reached skill level 8 in Axes
  6473 | D:5      | Found a bloodstained altar of Trog.
  6474 | D:5      | Found an iron altar of Okawaru.
  6588 | D:5      | Found a bloodstained altar of Trog.
  7189 | D:6      | Slain by an orc warrior

Illustrated notes

Levels and vault maps discovered:
D:1:      dpeg_arrival_water_temple_mockup, layout_rooms, serial_forest,
          infiniplex_forest_lined_2, infiniplex_forest_lined_2,
          infiniplex_forest_clump_C, infiniplex_forest_clump_long,
          infiniplex_forest_lined_2, infiniplex_forest_clump_cross,
          infiniplex_forest_lined_corner, infiniplex_forest_end_2
D:2:      layout_rooms, hellmonk_ecumenical_altar_leap_of_faith, serial_shops,
          nicolae_shop_trees, minmay_misc_feat_iff, corexii_shack, uniq_natasha,
          uniq_terence
D:3:      layout_basic, portal_sewer_entry_c, minmay_misc_feat_encased,
          uniq_sigmund, uniq_ijyb, uniq_jessica
D:4:      layout_cave_pools, kennysheep_mini_moat, kennysheep_slug_shrine,
          dk_rats_in_the_wall
D:5:      layout_basic, grunt_temple_overflow_bloody_war,
          minmay_temple_entry_ruins, kennysheep_small_circle,
          uniq_blork_the_orc, uniq_menkaure
D:6:      layout_layer_cave, uniq_eustachio

Skill      XL: |  1  2  3  4  5  6  7  8 |
---------------+-------------------------+-----
Fighting       | 4 5 6 |  6.3
Armour         | 4 5 6 7 |  7.5
Axes           | 3 4 5 6 7 8 |  8.9
Shields        | 4 5 |  5.1
Dodging        | 1 |  1.7
Stealth        | |  0.9
Evocations     | |  0.1

Action                   |  1- 3 |  4- 6 |  7- 9 || total
-------------------------+-------+-------+-------++-------
Melee: War axe           |    56 |    69 |   145 ||   270
       Headbutt          |     7 |     9 |    19 ||    35
Evoke: Wand              |       |     2 |       ||     2
  Use: Potion            |     2 |       |     3 ||     5
       Scroll            |       |     5 |     1 ||     6
Armor: Scale mail        |    38 |     2 |       ||    40
       Chain mail        |       |    48 |    99 ||   147
Dodge: Dodged            |    41 |    40 |    93 ||   174
Block: Buckler           |    19 |    27 |    49 ||    95
